 Dungeon Crawl Stone Soup version 0.17.1-3-g152610e (webtiles) character file.

40 Shotgun the Ruffian (level 3, 0/29 HPs)
             Began as a Draconian Transmuter on Apr 20, 2016.
             Slain by an adder (2 damage)
             ... on level 2 of the Dungeon.
             The game lasted 00:04:40 (1401 turns).

Shotgun the Ruffian (Draconian Transmuter)          Turns: 1401, Time: 00:04:41

Health: 0/29       AC:  5    Str: 13    XL:     3   Next: 30%
Magic:  6/6        EV: 12    Int: 13    God:
Gold:   87         SH:  0    Dex: 11    Spells: 1 memorised, 5 levels left

rFire  . . .     SeeInvis .     l - +0 hand axe
rCold  . . .     Clarity  .     (armour unavailable)
rNeg   . . .     SustAt   .     (no shield)
rPois  .         Gourm    .     (helmet restricted)
rElec  .         Spirit   .     (no cloak)
rCorr  .         Warding  .     (no gloves)
rMut   .         Stasis   .     (no boots)
MR     .....                    (no amulet)
Stlth  +.........               (no ring)
                                (no ring)

@: lethally poisoned (0 -> -1), not resistant to hostile enchantments, very
unstealthy
A: unfitting armour, cold-blooded, AC +5
a: no special abilities


You were on level 2 of the Dungeon.
You were near starving.

You visited 1 branch of the dungeon, and saw 2 of its levels.

You collected 87 gold pieces.

Inventory:

Hand Weapons
 k - a +0 short sword
 l - a +0 hand axe (weapon)
Missiles
 a - 12 arrows
Scrolls
 j - a scroll of immolation {unknown}
 m - a scroll of magic mapping {unknown}
 n - 2 scrolls of identify {unknown}
Potions
 d - 2 potions of brilliance {unknown}
 e - a potion of mutation {unknown}
 h - a potion of might {unknown}
 i - a potion of heal wounds {unknown}
 o - a potion of poison {unknown}
 p - 2 potions of flight {unknown}
Books
 b - a book of Changes

   Spells                             Type                      Level
   a - Beastly Appendage              Transmutation                1
   b - Sticks to Snakes               Transmutation                2
   c - Spider Form                    Transmutation/Poison         3
   d - Ice Form                       Ice/Transmutation            4
   e - Blade Hands                    Transmutation                5
Comestibles
 c - 2 bread rations
 f - a beef jerky
 g - 2 meat rations


   Skills:
 * Level 1.8 Fighting
 * Level 2.2 Dodging
 + Level 3.2 Unarmed Combat
 + Level 2.3 Spellcasting
 * Level 2.4 Transmutations


You had 5 spell levels left.
You knew the following spells:

 Your Spells              Type           Power        Failure   Level  Hunger
a - Beastly Appendage     Trmt           #.....       10%         1    #......


Dungeon Overview and Level Annotations

Branches:
Dungeon (2/15)

Altars:
Ashenzari
Fedhas

Annotations:
D:2 Sigmund


Innate Abilities, Weirdness & Mutations

Your plain brown scales are hard (AC +5).
Your body does not fit into most forms of armour.
You are cold-blooded and may be slowed by cold attacks.


Message History

The gnoll shouts!
The goblin shouts!
The adder bites you but does no damage. Sigmund barely misses you.
The adder bites you but does no damage. The adder bites you.
You feel less confused. The adder barely misses you.
Sigmund closely misses you. The adder bites you.
Something unseen opens the door.
You feel sick. The adder closely misses you.
Sigmund hits you from afar with a scythe of protection!
* * * LOW HITPOINT WARNING * * *
The adder bites you but does no damage. The adder bites you.
* * * LOW HITPOINT WARNING * * *
* * * LOW HITPOINT WARNING * * *
You feel sick. The adder misses you. The adder barely misses you.
Sigmund gestures wildly while chanting.
Sigmund flickers and vanishes!
Deactivating autopickup; reactivate with Ctrl-A.
The adder bites you.
You die...

............#### #......
................ #......
.........####### #......
........g# #.. #......
#############{g.####.####....##
#.......<.....g................
#.............gg...........##.†
#............SS............###'
#.............@.....#......#≈≈.
#..............###........##§≈.
#..........................#≈.≈
#...†......................#≈.≈
#.................#........#≈§.
###.........####....#........#§§.
#............................###'
#......##........#...............
#......##........#..............#


You could see 3 gnolls, 2 adders and 2 goblins.

Vanquished Creatures
  An adder (D:2)
  A giant gecko (D:1)
  A ball python (D:1)
  2 bats
  3 goblins
  2 hobgoblins
  2 jackals (D:1)
  5 kobolds (D:1)
  2 giant cockroaches (D:1)
  5 giant newts
  6 rats
30 creatures vanquished.

Notes
Turn   | Place    | Note
--------------------------------------------------------------
     0 | D:1      | Shotgun the Draconian Transmuter began the quest for the Orb.
     0 | D:1      | Reached XP level 1. HP: 16/16 MP: 3/3
   228 | D:1      | Reached XP level 2. HP: 18/23 MP: 5/5
  1175 | D:2      | Reached XP level 3. HP: 16/29 MP: 6/6
  1280 | D:2      | Found a blossoming altar of Fedhas.
  1297 | D:2      | Found a shattered altar of Ashenzari.
  1383 | D:2      | Noticed Sigmund
  1401 | D:2      | Slain by an adder

Action                   || total
-------------------------++-------
Melee: Unarmed           ||    52
       Short sword       ||    18
       Hand axe          ||    32
 Cast: Beastly Appendage ||     5
 Stab: Sleeping          ||     1
